 Dungeon Crawl Stone Soup version 0.27.1-34-g3ba077fa99 (webtiles) character file.

Game seed: 2226392719779316261

92 cbfl8 the Sneak (level 4, -1/40 HPs)
             Began as a Minotaur Delver on Jan 14, 2022.
             Slain by a jelly (3 damage)
             ... on level 5 of the Dungeon.
             The game lasted 00:00:43 (522 turns).

cbfl8 the Sneak (Minotaur Delver)                    Turns: 522, Time: 00:00:45

Health: -1/40      AC: -5    Str: 17    XL:     4   Next: 35%
Magic:  3/3        EV: 12    Int:  8    God:
Gold:   8          SH:  0    Dex: 11    Spells: 3/3 levels left

rFire    . . .     SeeInvis .   a - +0 hand axe
rCold    . . .     Faith    .   (no shield)
rNeg     . . .     Spirit   .   b - +0 leather armour
rPois    .         Reflect  .   (helmet restricted)
rElec    .         Harm     .   (no cloak)
rCorr    .         Rampage  .   (no gloves)
Will     .....                  (no boots)
Stlth    ++........             (no amulet)
HPRegen  0.13/turn              (no ring)
MPRegen  0.08/turn              (no ring)

@: corroded
A: horns 2, retaliatory headbutt
a: no special abilities


You were on level 5 of the Dungeon.
You visited 1 branch of the dungeon, and saw 1 of its levels.

You collected 8 gold pieces.

Inventory:

Hand Weapons
 a - a +0 hand axe (weapon)
 i - a +0 giant club
Armour
 b - a +0 leather armour (worn)
Wands
 g - a wand of digging (3)
Scrolls
 c - a scroll of fog
 d - a scroll of magic mapping
 e - a scroll of fear
Potions
 f - a potion of haste
 h - 2 potions of attraction {unknown}


   Skills:
 + Level 4.2 Fighting
 + Level 3.0 Axes
 + Level 2.4 Dodging
 + Level 5.1 Stealth


You had 3 spell levels left.
You didn't know any spells.
Your spell library was empty.

Dungeon Overview and Level Annotations

Branches:
Dungeon (5/15)
 Temple: D:4-7

Altars:

Annotations:
D:5 2 runed translucent doors


Innate Abilities, Weirdness & Mutations

You have a pair of horns on your head.
You reflexively headbutt those who attack you in melee.


Message History

As you open the door, it creaks loudly!
You hear an angry hiss.
You hear a bark!
Found a stone staircase leading up.
A jelly comes into view.
A hound comes into view.
There is an open door here.
You close the door.
You see here a +0 giant club.
i - a +0 giant club You hear a distant slurping noise.
The door mysteriously vanishes.
The jelly barely misses you. The jelly closely misses you. The hound bites you.
You hit the jelly.
Your hands burn!
The jelly is lightly wounded.
You hit the hound but do no damage. The hound bites you.
The jelly closely misses you. The hound barely misses you.
You hit the jelly.
Your hands burn!
You headbutt the jelly!
The jelly is severely wounded.
You completely miss the hound. The hound barely misses you.
You furiously retaliate!
You headbutt the hound. The jelly hits you but does no damage.
The hound closely misses you. You furiously retaliate!
You headbutt the hound. You hit the jelly. The acid corrodes you!
Your hands burn!
The jelly is almost dead.
You hit the hound. The jelly hits you.
You are splashed with acid.
The hound bites you. The jelly hits you. The acid corrodes you!
You are splashed with acid!
* * * LOW HITPOINT WARNING * * *
You hit the jelly but do no damage.
Your hands burn!
* * * LOW HITPOINT WARNING * * *
The jelly is almost dead.
You hit the hound but do no damage. The hound closely misses you.
The hound barely misses you. The jelly completely misses you.
You barely miss the jelly.
You headbutt the jelly, but do no damage.
The jelly is almost dead.
You closely miss the hound. The hound bites you.
* * * LOW HITPOINT WARNING * * *
The jelly hits you.
You die...

.... #.# .# ....# #.####.#
.J.##......## ..<.........
##.......... #..........h
########.########
####.....#......Jh.......#
#.#.>....#......@........#
#.#......#....#######....#
#.#......#....#ssBss#....#
..#......#....+sBbss+....#
#.#......#....#ysss.#....#
#.#......#....#######....#
#...# #...............#
...>###..#...............#
.........########'#######


You could see a hound and a jelly.

Vanquished Creatures
  An ogre (D:5)
  A white imp (D:5)
2 creatures vanquished.

Notes
Turn   | Place    | Note
-------+----------+-------------------------------------------
     0 | D:5      | cbfl8 the Minotaur Delver began the quest for the Orb.
     0 | D:5      | Reached XP level 1. HP: 19/19 MP: 0/0
    53 | D:5      | Found a runed translucent door.
    54 | D:5      | Noticed a scorpion
    55 | D:5      | Found a runed translucent door.
    55 | D:5      | Noticed a scorpion
    55 | D:5      | Noticed a scorpion
    55 | D:5      | Noticed a scorpion
    55 | D:5      | Noticed a scorpion
    55 | D:5      | Noticed a scorpion
    56 | D:5      | Noticed a killer bee
    56 | D:5      | Noticed a scorpion
    56 | D:5      | Noticed a scorpion
    56 | D:5      | Noticed a scorpion
    56 | D:5      | Noticed a scorpion
    58 | D:5      | Noticed an ogre
    67 | D:5      | Killed an ogre
    68 | D:5      | Reached skill level 5 in Stealth
    68 | D:5      | Reached XP level 2. HP: 14/27 MP: 1/1
    68 | D:5      | Reached XP level 3. HP: 17/33 MP: 2/2
    68 | D:5      | Reached XP level 4. HP: 21/40 MP: 3/3
   522 | D:5      | HP: 2/40 [hound (1)]
   522 | D:5      | Slain by a jelly

Illustrated notes

Levels and vault maps discovered:
D:5:      lemuel_insect_pit, layout_rooms, grunt_temple_overflow_open,
          fedhas_altar_decomposition, uniq_crazy_yiuf_cottage, uniq_ijyb

Skill      XL: |  1 |
---------------+----+-----
Fighting       | 4 |  4.2
Axes           | 3 |  3.0
Stealth        | 5 |  5.1
Dodging        | |  2.4

Action                   |  1- 3 |  4- 6 || total
-------------------------+-------+-------++-------
Melee: Hand axe          |     7 |     7 ||    14
       Headbutt          |     2 |     2 ||     4
Armor: Leather armour    |     1 |     1 ||     2
Dodge: Dodged            |     5 |    10 ||    15
